 Dungeon Crawl Stone Soup version 0.23.1 (webtiles) character file.

Game seed: 392743682279871870

109 Borgoz the Sneak (level 4, -2/36 HPs)
             Began as a Ghoul Enchanter on Mar 8, 2019.
             Slain by a frilled lizard (3 damage)
             ... on level 3 of the Dungeon.
             The game lasted 00:04:44 (2593 turns).

Borgoz the Sneak (Ghoul Enchanter)                  Turns: 2593, Time: 00:04:46

Health: -2/36      AC:  7    Str: 11    XL:     4   Next: 89%
Magic:  5/5        EV:  9    Int: 10    God:
Gold:   92         SH:  0    Dex: 10    Spells: 0/6 levels left

rFire    . . .     SeeInvis .   a - +1 dagger
rCold    + . .     Gourm    .   (no shield)
rNeg     + + +     Faith    .   j - +0 scale mail
rPois    ∞         Spirit   .   (no helmet)
rElec    .         Reflect  .   (no cloak)
rCorr    .         Harm     .   i - +0 pair of gloves
MR       .....                  (no boots)
Stlth    ..........             (no amulet)
HPRegen  0.00/turn              (no ring)
MPRegen  0.09/turn              (no ring)

@: confused, rotting
A: rotting body, claws 1, carnivore, cold resistance 1, negative energy
resistance 3, inhibited regeneration, torment resistance, unbreathing
a: no special abilities


You were on level 3 of the Dungeon.
You were not hungry.

You visited 1 branch of the dungeon, and saw 3 of its levels.

You collected 92 gold pieces.

Inventory:

Hand Weapons
 a - a +1 dagger (weapon)
Armour
 i - a +0 pair of gloves (worn)
 j - a +0 scale mail (worn)
Jewellery
 p - a +2 amulet of reflection {unknown}
Scrolls
 b - 2 scrolls of enchant weapon {unknown}
 e - 3 scrolls of identify {unknown}
 f - a scroll of amnesia {unknown}
 l - 2 scrolls of remove curse {unknown}
 n - a scroll of enchant armour {unknown}
Comestibles
 d - 3 rations


   Skills:
 + Level 1.8 Fighting
 * Level 2.3 Short Blades
 * Level 2.0 Armour
 + Level 2.3 Dodging
 - Level 3.2 Stealth
 - Level 1.7 Spellcasting
 - Level 2.4 Hexes


You couldn't memorise any spells.
You knew the following spells:

 Your Spells              Type           Power        Failure   Level  Hunger
a - Corona                Hex            #......      56%         1    ##.....
b - Ensorcelled Hibernat  Hex/Ice        #.....       86%         2    ###....
c - Confuse               Hex            #.......     90%         3    ####...

Your spell library contained the following spells:

 Spells                   Type           Power        Failure   Level  Hunger
 Tukima's Dance           Hex            #.......     90%         3    ####...
 Dazzling Spray           Conj/Hex       #.....       98%         3    ####...


Dungeon Overview and Level Annotations

Branches:
Dungeon (3/15)

Altars:
Nemelex Xobeh
Yredelemnul

Annotations:
D:3 Sigmund


Innate Abilities, Weirdness & Mutations

Your body is rotting away.
You thrive on raw meat.
You are immune to poison.
You have sharp fingernails.
You are carnivorous and can eat meat at any time.
Your flesh is cold resistant. (rC+)
You are immune to negative energy. (rN+++)
You do not regenerate when monsters are visible.
You are immune to unholy pain and torment.
You can survive without breathing.


Message History

Eat a chunk of flesh? (ye/n/q)
You eat the chunk of flesh.
This raw flesh tastes great!
The frilled lizard bites you. Something hits you.
* * * LOW HITPOINT WARNING * * *
Okay, then.
You're too confused to move!
The frilled lizard bites you but does no damage.
You hear some strange, mumbled words.
You are more confused.
Your scale mail prevents you from hitting the frilled lizard.
The frilled lizard barely misses you. Something hits you but does no damage.
The frilled lizard barely misses you.
You miss something. Something hits you but does no damage.
The frilled lizard closely misses you. Something hits you!
* * * LOW HITPOINT WARNING * * *
You barely miss something. Something hits you.
* * * LOW HITPOINT WARNING * * *
The frilled lizard bites you.
You die...

....#...#####..
................
................
.(.............
.............#
.............#
.............#
.......@.....#
.......{l....# .#
.............######.#
...#.....###........#
.. #...)............#
.
#!...............###
#.......$..........
#................#
#......(..)......#


You could see a frilled lizard.

Vanquished Creatures
  Jessica (D:3)
  2 adders (D:2)
  A worm (D:2)
  4 dart slugs
  2 leopard geckos (D:1)
  A ball python (D:2)
  9 bats
  3 giant cockroaches
  4 goblins
  7 hobgoblins
  2 jackals (D:2)
  A frilled lizard (D:2)
  2 gnoll zombies (D:2)
  7 kobolds
  6 rats
52 creatures vanquished.

Notes
Turn   | Place    | Note
-------+----------+-------------------------------------------
     0 | D:1      | Borgoz the Ghoul Enchanter began the quest for the Orb.
     0 | D:1      | Reached XP level 1. HP: 14/14 MP: 2/2
    26 | D:1      | Reached skill level 1 in Short Blades
   362 | D:1      | Reached XP level 2. HP: 12/22 MP: 3/3
   421 | D:1      | Reached skill level 1 in Armour
   671 | D:1      | Reached XP level 3. HP: 24/27 MP: 4/4
   700 | D:1      | Found a sparkling altar of Nemelex Xobeh.
   981 | D:1      | Learned a level 2 spell: Ensorcelled Hibernation
  1179 | D:1      | Reached skill level 1 in Fighting
  1699 | D:2      | Reached XP level 4. HP: 18/35 MP: 5/5
  1794 | D:2      | Found a basalt altar of Yredelemnul.
  1946 | D:2      | Learned a level 3 spell: Confuse
  2539 | D:3      | Noticed Jessica
  2551 | D:3      | Killed Jessica
  2554 | D:3      | Noticed Sigmund
  2593 | D:3      | HP: 1/36 [something (2)]
  2593 | D:3      | Slain by a frilled lizard

Skill      XL: |  1  2  3  4 |
---------------+-------------+-----
Short Blades   | 1 2 |  2.3
Armour         | 1 2 |  2.0
Dodging        | 2 |  2.3
Fighting       | 1 |  1.8
Stealth        | |  3.2
Spellcasting   | |  1.7
Hexes          | |  2.4

Action                   |  1- 3 |  4- 6 || total
-------------------------+-------+-------++-------
Melee: Dagger            |   195 |   102 ||   297
  Use: Potion            |       |     5 ||     5
 Stab: Sleeping          |     7 |       ||     7
  Eat: Chunk             |    15 |    12 ||    27
Armor: Robe              |    31 |       ||    31
       Scale mail        |    33 |    40 ||    73
Dodge: Dodged            |   128 |    51 ||   179
